 Dungeon Crawl Stone Soup version 0.19.0-2-gae57169 (webtiles) character file.

166 olma the Slasher (level 5, -3/41 HPs)
             Began as a Human Berserker on Nov 6, 2016.
             Was a Believer of Trog.
             Killed from afar by an orc wizard (7 damage)
             ... with a magic dart
             ... on level 3 of the Dungeon.
             The game lasted 00:11:10 (3504 turns).

olma the Slasher (Human Berserker)                  Turns: 3504, Time: 00:11:10

Health: -3/41      AC:  2    Str: 18    XL:     5   Next: 76%
Magic:  5/5        EV: 12    Int:  8    God:    Trog [**....]
Gold:   125        SH:  0    Dex: 12    Spells: 0 memorised, 4 levels left

rFire  . . .     SeeInvis .     a - +0 falchion
rCold  . . .     Gourm    .     b - +0 animal skin
rNeg   . . .     Faith    .     (no shield)
rPois  .         Spirit   .     (no helmet)
rElec  .         Reflect  .     (no cloak)
rCorr  .         Harm     .     (no gloves)
MR     .....                    (no boots)
Stlth  +.........               (no amulet)
                                (no ring)
                                (no ring)

@: exhausted, slowed, very slow
A: no striking features
a: Berserk, Trog's Hand, Burn Spellbooks, Renounce Religion


You were on level 3 of the Dungeon.
You worshipped Trog.
Trog was pleased with you.
You were not hungry.

You visited 1 branch of the dungeon, and saw 3 of its levels.

You collected 125 gold pieces.

Inventory:

Hand Weapons
 a - a +0 falchion (weapon)
Missiles
 f - 27 bolts
 s - 19 arrows
Armour
 b - a +0 animal skin (worn)
 e - a +0 chain mail
 m - a +2 pair of boots of stealth
 o - a +0 scale mail
Scrolls
 d - a scroll of fear {unknown}
 g - 4 scrolls of teleportation {unknown}
 i - 3 scrolls of identify {unknown}
Potions
 h - 3 potions of curing {unknown}
 l - a potion of lignification {unknown}
 n - a potion of might {unknown}
 p - a potion of flight {unknown}
 q - a potion of berserk rage {unknown}
 r - a potion of magic {unknown}
Comestibles
 j - 2 beef jerkies


   Skills:
 - Level 3.0 Fighting
 + Level 6.0 Long Blades
 - Level 2.0 Armour
 - Level 2.0 Dodging


You had 4 spell levels left.
You didn't know any spells.

Dungeon Overview and Level Annotations

Branches:
Dungeon (3/15)

Altars:
Makhleb


Message History

No target in view!
Something hits you.
* * * LOW HITPOINT WARNING * * *
You feel a strong urge to attack something.
You are no longer berserk.
Trog's vigour flows through your veins.
You are exhausted.
You feel yourself slow down.
A puff of frost appears from out of thin air!
The puff of frost misses you.
A puff of frost appears from out of thin air!
The puff of frost hits you!
* * * LOW HITPOINT WARNING * * *
You see here a falchion.
A magic dart appears from out of thin air!
The magic dart hits you!
* * * LOW HITPOINT WARNING * * *
A magic dart appears from out of thin air!
The magic dart hits you!
You die...

#.......# ...
#.......######### ...
+.......'...>.... ....
#.......########. ..!.##
#########'##### #. .....
#.............# #.
##..####+####.............#
#.
#.........................#
#.
##..).......).@..####'#####
#. #.)....[........####.#
#.
.....#####+##########...#
#. ..... #...# #. ....
#...########. ....
#.........##. .>.
#...#####.##. ...
#...#...#.##.
.#####+#.#.#.##.


There were no monsters in sight!

Vanquished Creatures
  An orc priest (D:3)
  4 adders
  4 gnolls (D:2)
  2 worms
  2 dart slugs
  2 leopard geckos
  2 orcs (D:3)
  7 bats
  A giant cockroach (D:2)
  7 goblins
  5 hobgoblins
  2 jackals (D:2)
  2 kobolds
  A ball python (D:2)
  4 frilled lizards
  9 rats
55 creatures vanquished.

Notes
Turn   | Place    | Note
-------+----------+-------------------------------------------
     0 | D:1      | olma the Human Berserker began the quest for the Orb.
     0 | D:1      | Reached XP level 1. HP: 18/18 MP: 1/1
   241 | D:1      | Reached XP level 2. HP: 24/24 MP: 2/2
   887 | D:1      | Reached skill level 4 in Long Blades
   887 | D:1      | Reached XP level 3. HP: 29/29 MP: 3/3
  1171 | D:2      | Reached ** piety under Trog
  1186 | D:2      | Reached XP level 4. HP: 35/35 MP: 4/4
  1200 | D:2      | Reached skill level 5 in Long Blades
  1750 | D:2      | Reached XP level 5. HP: 35/41 MP: 5/5
  2286 | D:2      | Found a burning altar of Makhleb.
  3494 | D:3      | Reached skill level 6 in Long Blades
  3504 | D:3      | Killed from afar by an orc wizard

Skill      XL: |  1  2  3  4  5 |
---------------+----------------+-----
Long Blades    | 4 5 6 |  6.0
Fighting       | |  3.0
Armour         | |  2.0
Dodging        | |  2.0

Action                   |  1- 3 |  4- 6 || total
-------------------------+-------+-------++-------
Melee: Falchion          |    75 |   101 ||   176
Invok: Berserk           |     3 |     1 ||     4
  Eat: Chunk             |     3 |     3 ||     6
       Bread ration      |       |     2 ||     2
Armor: Animal skin       |    16 |    10 ||    26
Dodge: Dodged            |    49 |    61 ||   110
       Rpst.: Falchion   |    10 |    24 ||    34
